 Dungeon Crawl Stone Soup version 0.19.0-19-g8c6edcc (webtiles) character file.

1787 MovingMist the Agent of Entropy (level 9, 0/64 HPs)
             Began as a Formicid Abyssal Knight on Nov 13, 2016.
             Was a Priest of Lugonu.
             Succumbed to a killer bee's poison
             ... on level 7 of the Dungeon.
             The game lasted 00:20:47 (6723 turns).

MovingMist the Agent of Entropy (FoAK)              Turns: 6723, Time: 00:20:48

Health: 0/64       AC:  9    Str: 30    XL:     9   Next: 29%
Magic:  16/16      EV:  9    Int: 12    God:    Lugonu [***...]
Gold:   277        SH:  6    Dex: 11    Spells: 0 memorised, 8 levels left

rFire  . . .     SeeInvis +     A - +1 war axe
rCold  + . .     Gourm    .     C - +0 chain mail
rNeg   . . .     Faith    .     u - +2 buckler
rPois  .         Spirit   .     (helmet unavailable)
rElec  .         Reflect  .     (no cloak)
rCorr  .         Harm     .     (no gloves)
MR     .....                    (no boots)
Stlth  ..........               (no amulet)
                                x - ring of protection from cold
                                e - +6 ring of strength

@: mighty, lethally poisoned (0 -> -16), studying Slings
A: permanent stasis, dig shafts and tunnels, four strong arms, antennae 3
a: Dig, Shaft Self, Depart the Abyss, Bend Space, Banish, Renounce Religion


You were on level 7 of the Dungeon.
You worshipped Lugonu.
Lugonu was most pleased with you.
You were hungry.

You visited 1 branch of the dungeon, and saw 7 of its levels.
You visited the Abyss 1 time.
You also visited: Sewer.

You collected 277 gold pieces.

Inventory:

Hand Weapons
 a - a +1 hand axe
 A - a +1 war axe (weapon)
Missiles
 p - 7 javelins (quivered)
Armour
 d - a +1 shield
 q - a +0 pair of gloves
 u - a +2 buckler (worn)
 C - a +0 chain mail (worn)
Jewellery
 e - a +6 ring of strength (left hand)
 x - a ring of protection from cold (right hand)
Wands
 g - a wand of iceblast (10/15)
 E - a wand of paralysis (11/24)
Scrolls
 i - a scroll of recharging
 o - 2 scrolls of enchant armour
 s - 5 scrolls of fear
 v - 4 scrolls of fog
 y - 2 scrolls of immolation
 B - 3 scrolls of remove curse
 D - 4 scrolls of teleportation
Potions
 b - 5 potions of curing
 h - a potion of cure mutation
 l - 3 potions of might
 r - a potion of lignification
 t - 4 potions of heal wounds
 F - a potion of brilliance {unknown}
Books
 f - a manual of Slings
Comestibles
 c - 10 bread rations
 j - 4 chunks of flesh
 k - a meat ration
 n - a slice of pizza
 z - 3 beef jerkies


   Skills:
 - Level 3.6 Fighting
 + Level 6.7 Axes
 - Level 3.2 Armour
 - Level 1.1 Dodging
 + Level 2.3 Shields
 - Level 10.4 Invocations


You had 8 spell levels left.
You didn't know any spells.

Dungeon Overview and Level Annotations

Branches:
Dungeon (7/15)             Temple (0/1) D:5

Altars:

Shops:
D:5 *

Annotations:
Abyss:1 Blork the orc


Innate Abilities, Weirdness & Mutations

You are under a permanent stasis effect.
You can dig through walls and to a lower floor.
Your four strong arms can wield two-handed weapons with a shield.
You have a pair of large antennae on your head. (SInv)


Message History

The killer bee poisons you! The killer bee stings you.
* * * LOW HITPOINT WARNING * * *
You are lethally poisoned!
The killer bee poisons you!
You closely miss the killer bee.
The killer bee is moderately wounded.
* * * LOW HITPOINT WARNING * * *
You feel sick. The killer bee closely misses you.
The killer bee barely misses you.
Your chain mail prevents you from hitting the killer bee.
The killer bee is moderately wounded.
* * * LOW HITPOINT WARNING * * *
You feel sick. The killer bee stings you.
* * * LOW HITPOINT WARNING * * *
You block the killer bee's attack. The killer bee stings you.
* * * LOW HITPOINT WARNING * * *
Unknown command.
You barely miss the killer bee.
The killer bee is moderately wounded.
You die...

## #. #.###.##
#...{.y# {
#{## #..#
##.##########
#.......yyy@#
#.......yy###
#........{#
#...#.#####
##.##....#
#####..##....#
......###....#
....### #....#
..#.# #....#


You could see 5 killer bees.

Vanquished Creatures
  A black bear (D:7)
  4 ogres
  A centaur (D:5)
  2 big kobolds (Sewer)
  2 bullfrogs (D:7)
  A howler monkey (D:5)
  5 crimson imps
  An orc priest (D:7)
  3 hounds
  2 orc wizards (D:4)
  2 iguanas
  2 worker ants (D:5)
  A gnoll (D:1)
  7 adders
  2 river rats (Sewer)
  An ooze (Sewer)
  3 worms
  A dart slug (D:1)
  4 leopard geckos
  19 orcs
  10 giant cockroaches
  8 goblins
  11 hobgoblins
  6 jackals
  2 quokkas
  4 ball pythons
  8 bats
  8 frilled lizards
  A jackal zombie (D:6)
  19 kobolds
  A leopard gecko skeleton (D:4)
  15 rats
157 creatures vanquished.

Vanquished Creatures (others)
  2 hornets
  A crocodile (D:7)
3 creatures vanquished.

Grand Total: 160 creatures vanquished

Notes
Turn   | Place    | Note
-------+----------+-------------------------------------------
     0 | Abyss:1  | MovingMist the Formicid Abyssal Knight began the quest for the Orb.
     0 | Abyss:1  | Reached XP level 1. HP: 18/18 MP: 2/2
     6 | D:1      | Escaped the Abyss
    70 | D:1      | Reached XP level 2. HP: 13/24 MP: 3/3
    96 | D:1      | Reached skill level 1 in Dodging
   677 | D:1      | Reached XP level 3. HP: 13/29 MP: 3/5
   700 | D:1      | Reached ** piety under Lugonu
  1256 | D:2      | Reached skill level 3 in Invocations
  1332 | D:2      | Reached XP level 4. HP: 30/36 MP: 6/6
  1363 | D:2      | Reached skill level 1 in Shields
  1865 | D:3      | Found a faded altar of an unknown god.
  2103 | D:3      | Reached *** piety under Lugonu
  2322 | D:3      | Reached XP level 5. HP: 41/41 MP: 7/7
  2524 | D:4      | Reached skill level 4 in Invocations
  2822 | D:4      | Reached XP level 6. HP: 46/47 MP: 9/9
  3038 | D:4      | Reached skill level 5 in Invocations
  3231 | D:5      | Entered Level 5 of the Dungeon
  3607 | D:5      | Found a glowing drain.
  3611 | Sewer    | Entered a sewer
  3761 | Sewer    | Reached XP level 7. HP: 52/52 MP: 11/11
  3952 | Sewer    | Reached **** piety under Lugonu
  4157 | Sewer    | Reached skill level 6 in Invocations
  4347 | D:5      | Found Guntis's Assorted Antiques.
  4493 | D:5      | Reached skill level 7 in Invocations
  4528 | D:5      | Noticed Blork the orc
  4536 | D:5      | Banished Blork the orc
  4874 | D:5      | Reached XP level 8. HP: 35/59 MP: 13/13
  4881 | D:5      | Found a staircase to the Ecumenical Temple.
  4884 | D:5      | Noticed a hornet
  4888 | D:5      | Banished a hornet
  4888 | D:5      | Reached skill level 5 in Axes
  4888 | D:5      | Reached skill level 8 in Invocations
  5411 | D:6      | Reached skill level 9 in Invocations
  5945 | D:6      | You fall through a shaft!
  5946 | D:7      | Noticed a hornet
  5948 | D:7      | Banished a hornet
  5948 | D:7      | Reached XP level 9. HP: 64/64 MP: 16/16
  5954 | D:7      | Reached skill level 10 in Invocations
  6311 | D:7      | Identified a scroll of acquirement
  6722 | D:7      | HP: 2/64 [killer bee (6)]
  6723 | D:7      | Succumbed to a killer bee's poison

Skill      XL: |  1  2  3  4  5  6  7  8  9 |
---------------+----------------------------+-----
Dodging        | 1 |  1.1
Invocations    | 3 4 5 7 9 10 | 10.4
Shields        | 1 2 |  2.3
Armour         | 3 |  3.2
Axes           | 3 4 6 |  6.7
Fighting       | |  3.6

Action                   |  1- 3 |  4- 6 |  7- 9 || total
-------------------------+-------+-------+-------++-------
Melee: Hand axe          |   118 |   129 |       ||   247
       War axe           |       |   146 |   255 ||   401
Invok: Banish            |       |       |     4 ||     4
 Abil: Dig               |       |       |     2 ||     2
  Use: Scroll            |       |     5 |    10 ||    15
       Potion            |       |       |    11 ||    11
  Eat: Chunk             |     2 |     8 |     6 ||    16
       Bread ration      |       |       |     1 ||     1
Armor: Leather armour    |    25 |       |       ||    25
       Ring mail         |     2 |    16 |       ||    18
       Scale mail        |       |    18 |       ||    18
       Chain mail        |       |    96 |   108 ||   204
Dodge: Dodged            |    51 |   106 |   112 ||   269
Block: Shield            |    21 |     1 |       ||    22
       Buckler           |       |    82 |    80 ||   162
